 Dungeon Crawl Stone Soup version 0.22-a0-612-gd2f0174 (webtiles) character file.

12 iamserjio the Chopper (level 2, 0/28 HPs)
             Began as a Naga Berserker on July 11, 2018.
             Was a Follower of Trog.
             Slain by Natasha (4 damage)
             ... on level 2 of the Dungeon.
             The game lasted 00:01:01 (125 turns).

iamserjio the Chopper (Naga Berserker)               Turns: 125, Time: 00:01:02

Health: 0/28       AC:  1    Str: 19    XL:     2   Next: 33%
Magic:  2/2        EV: 10    Int:  7    God:    Trog [*.....]
Gold:   0          SH:  0    Dex: 10    Spells: 1/1 levels left

rFire    . . .     SeeInvis +   a - +0 hand axe
rCold    . . .     Gourm    .   (no shield)
rNeg     . . .     Faith    .   b - +0 animal skin
rPois    +         Spirit   .   (no helmet)
rElec    .         Reflect  .   (no cloak)
rCorr    .         Harm     .   (no gloves)
MR       .....                  (no barding)
Stlth    +.........             (no amulet)
HPRegen  0.09/turn              (no ring)
MPRegen  0.08/turn              (no ring)

@: berserk cooldown, slowed, very slow
A: large, see invisible, deformed body, poison resistance, slowness 2, slow
metabolism 1, spit poison 1, AC +0
a: Spit Poison, Berserk, Renounce Religion


You were on level 2 of the Dungeon.
You worshipped Trog.
Trog was aware of your devotion.
You were not hungry.

You visited 1 branch of the dungeon, and saw 2 of its levels.

Inventory:

Hand Weapons
 a - a +0 hand axe (weapon)
Missiles
 e - 5 silver javelins (quivered)
Armour
 b - a +0 animal skin (worn)
Scrolls
 d - a scroll of identify {unknown}
Comestibles
 c - 2 rations
 f - 4 chunks of flesh


   Skills:
 + Level 3.1 Fighting
 * Level 3.3 Axes
 + Level 1.7 Armour
 - Level 1.5 Dodging
 + Level 1.1 Stealth


You had one spell level left.
You didn't know any spells.
Your spell library was empty.

Dungeon Overview and Level Annotations

Branches:
Dungeon (2/15)

Altars:

Annotations:
D:2 Natasha


Innate Abilities, Weirdness & Mutations

You cannot wear boots.
Your serpentine skin is tough. (AC +0)
You have supernaturally acute eyesight. (SInv)
Armour fits poorly on your strangely shaped body.
Your system is resistant to poisons. (rPois)
You cover ground very slowly.
You have a slow metabolism.
You can spit poison.


Message History

Natasha barely misses you.
Press: ? - help, Shift-Dir - straight line, f/p - Natasha
Aim: Natasha (unusually agile)
The splash of poison hits Natasha.
Natasha is poisoned.
Natasha is lightly wounded.
You feel slightly more hungry. Natasha claws you. Natasha closely misses you.
You closely miss Natasha.
Natasha is lightly wounded.
Natasha claws you.
You miss Natasha.
Natasha is lightly wounded.
Natasha looks more healthy.
Natasha closely misses you. Natasha misses you.
You barely miss Natasha.
Natasha is lightly wounded.
You have got your breath back.
Natasha stares at you and mumbles some strange words.
The magic dart hits you!
* * * LOW HITPOINT WARNING * * *
Natasha claws you.
You die...

.....>......#
........รท...#
...........<#
............#
.....#.#.####
.... #.#.# ###
#.#.## #.#..#
#.##@# #. #h#
#. #.# ... ..!
..##. ## . .#


You could see Natasha.

Vanquished Creatures
  An adder (D:2)
  A giant cockroach (D:1)
  A frilled lizard (D:2)
  A kobold (D:1)
  A rat (D:2)
5 creatures vanquished.

Notes
Turn   | Place    | Note
-------+----------+-------------------------------------------
     0 | D:1      | iamserjio the Naga Berserker began the quest for the Orb.
     0 | D:1      | Reached XP level 1. HP: 21/21 MP: 1/1
   103 | D:2      | Reached skill level 1 in Stealth
   103 | D:2      | Reached XP level 2. HP: 28/28 MP: 2/2
   118 | D:2      | Noticed Natasha
   125 | D:2      | Slain by Natasha

Vault maps used:
D:1:      nzn_arrival_settlement, minmay_misc_feat_alley
D:2:      serial_aquarium, aquarium_bridge_square, aquarium_window_corner,
          aquarium_window_2, aquarium_view_2g, aquarium_view_2e,
          aquarium_balcony_double_1, minivault_27, minmay_statues_item,
          kennysheep_generic_room_7, uniq_natasha

Skill      XL: |  1 |
---------------+----+-----
Stealth        | 1 |  1.1
Fighting       | |  3.1
Axes           | |  3.3
Armour         | |  1.7
Dodging        | |  1.5

Action                   || total
-------------------------++-------
Melee: Hand axe          ||    13
Invok: Berserk           ||     1
 Abil: Spit Poison       ||     2
Armor: Animal skin       ||     1
Dodge: Dodged            ||     9

Table legend:
 A = Spawn XP
 B = Non-spawn XP
 C = Spawn XP percentage of total XP
 D = Spawn monster count
 E = Non-spawn monster count
 F = Spawn count percentage of total count
 G = Total turns spent on level
                    A         B        C        D         E        F      G
               +---------+---------+-------+---------+---------+-------+---------
         Total |       0 |      18 |   0.0 |       0 |       5 |   0.0 |   125
               +---------+---------+-------+---------+---------+-------+---------
           D:1 |       0 |       3 |   0.0 |       0 |       2 |   0.0 |    95
           D:2 |       0 |      15 |   0.0 |       0 |       3 |   0.0 |    30
               +---------+---------+-------+---------+---------+-------+---------
